Map: 포트 알렉산더 - 래더

Players

soO

  • Race: Zerg Zerg
  • Spawn Location: 5:00

Bunny - Winner!

  • Race: Terran Terran
  • Spawn Location: 11:00

Event: IEM Season 13: Katowice (2019)

VOD

Have the link to the VOD?

Description

Time

  • Played on: March 1, 2019, 10:55 a.m.
  • Length: 12:26

All games in this series

Show
View Real Time Build Order
Export as new Build Order

soO Zerg 

Build Orders: Hatch First, Muta Ling Bane 

Get SALT Encoding   

  12  0:00  Drone  
  13  0:12  Overlord  
  13  0:17  Drone  
  14  0:30  Drone x2  
  14  0:35  Drone  
  17  0:52  Hatchery  
  17  0:54  Drone  
  17  0:57  Drone  
  18  1:08  Extractor  
  17  1:13  Spawning Pool  
  17  1:16  Drone  
  17  1:19  Drone  
  18  1:27  Drone  
  19  1:38  Overlord  
  19  1:58  Drone  
  19  1:59  Queen  
  19  2:00  Zergling x2  
  23  2:03  Queen  
  23  2:04  Zergling x2  
  26  2:08  Metabolic Boost  
  26  2:27  Extractor  
  26  2:28  Drone x3  
  28  2:34  Drone  
  28  2:37  Queen  
  29  2:40  Drone  
  32  2:45  Drone, Overlord  
  32  2:47  Drone  
  34  3:01  Hatchery  
  34  3:02  Drone  
  34  3:05  Drone  
  34  3:06  Drone  
  34  3:08  Drone  
  37  3:13  Drone  
  38  3:20  Overlord  
  38  3:21  Drone x2  
  38  3:22  Drone  
  38  3:26  Drone  
  42  3:28  Overlord  
  42  3:34  Queen  
  44  3:42  Drone x2  
  44  3:46  Zergling x4  
  44  3:47  Drone  
  49  3:48  Drone  
  49  3:53  Drone x2  
  49  3:55  Drone x3  
  54  3:58  Overlord  
  55  4:10  Overlord  
  55  4:11  Lair  
  55  4:13  Drone, Overlord  
  55  4:14  Drone x2  
  58  4:17  Extractor  
  58  4:19  Extractor  
  58  4:20  Queen  
  58  4:25  Drone x3  
  61  4:31  Baneling Nest  
  61  4:34  Zergling x6  
  61  4:36  Drone x2  
  65  4:41  Queen  
  67  4:46  Drone x2, Overlord  
  67  4:48  Drone  
  67  4:51  Drone x2  
  72  4:56  Spore Crawler  
  72  4:57  Spore Crawler  
  70  5:00  Drone  
  70  5:07  Drone, Spore Crawler  
  71  5:09  Drone x2  
  71  5:10  Overseer  
  71  5:16  Drone  
  71  5:17  Drone x2  
  71  5:18  Drone x3  
  76  5:27  Drone x2  
  76  5:28  Drone x2  
  79  5:29  Drone x2  
  79  5:33  Overlord  
  79  5:34  Overlord  
  81  5:37  Evolution Chamber  
  81  5:38  Evolution Chamber, Overlord  
  81  5:40  Spire  
  78  5:43  Centrifical Hooks  
  78  5:46  Zergling x6  
  81  5:52  Drone x2  
  81  5:53  Drone  
  81  5:54  Extractor  
  81  5:55  Drone  
  81  5:57  Drone x2, Extractor  
  85  6:05  Zerg Melee Weapons Level 1, Zerg Ground Armor Level 1  
  85  6:06  Drone x2  
  85  6:07  Drone x3  
  90  6:15  Zergling x14  
  97  6:20  Baneling  
  97  6:21  Baneling x3  
  97  6:22  Zergling x2  
  98  6:27  Hatchery  
  98  6:28  Overlord  
  98  6:32  Zergling x2  
  98  6:33  Zergling x8  
  102  6:45  Zergling x6  
  105  6:47  Overlord  
  104  6:58  Overlord  
  104  6:59  Mutalisk x4  
  112  7:03  Baneling x7  
  112  7:09  Mutalisk x4  
  112  7:12  Overlord  
  112  7:14  Overlord  
  120  7:15  Overlord  
  120  7:18  Zergling x2  
  118  7:25  Zergling x14  
  112  7:30  Zergling x4  
  113  7:51  Drone x4  
  115  7:52  Drone  
  115  7:54  Drone x2  
  115  7:56  Mutalisk x3  
  126  8:00  Drone x3  
  126  8:03  Zerg Melee Weapons Level 2, Zerg Ground Armor Level 2  
  129  8:11  Zergling x12  
  135  8:14  Baneling x2  
  135  8:15  Drone x2  
  135  8:19  Pneumatized Carapace, Zerg Flyer Weapons Level 1  
  137  8:24  Zergling x18  
  147  8:27  Zergling x6  
  147  8:32  Zergling x2  
  147  8:38  Zergling x8  
  140  8:47  Zergling x6  
  140  8:48  Zergling x6  
  139  8:52  Baneling x2  
  139  8:53  Baneling x3  
  137  8:56  Zergling x20  
  137  9:00  Drone x2  
  137  9:02  Extractor  
  147  9:07  Drone x2  
  149  9:12  Mutalisk, Hatchery  
  149  9:14  Spore Crawler  
  149  9:19  Overlord  
  149  9:21  Drone x2  
  149  9:22  Overlord  
  151  9:30  Baneling x4  
  151  9:39  Baneling x6  
  151  9:40  Mutalisk  
  151  9:42  Mutalisk x5  
  164  9:45  Drone x2  
  164  9:46  Drone, Infestation Pit  
  164  9:50  Baneling x3  
  164  9:51  Baneling x3  
  165  9:52  Overseer  
  165  9:55  Zergling x8  
  165  9:58  Hatchery  
  165  9:59  Overlord x3  
  166  10:01  Baneling x3  
  166  10:02  Baneling, Overseer  
  166  10:05  Overseer  
  166  10:06  Overseer  
  166  10:10  Overlord  
  166  10:11  Baneling x3  
  166  10:17  Zergling x28  
  163  10:32  Zergling x14  
  163  10:35  Hive  
  168  10:41  Zergling x6  
  168  10:42  Zergling x8  
  174  10:48  Zergling x6  
  175  10:50  Baneling  
  175  10:51  Baneling  
  175  10:53  Zergling x4  
  175  10:54  Baneling x2  
  176  11:01  Zergling x10  
  168  11:08  Zergling x16  
  162  11:13  Zergling x4  
  164  11:18  Baneling x4  
  164  11:19  Baneling x2  
  164  11:21  Zergling x10  
  164  11:24  Baneling x2  
  164  11:25  Baneling  
  169  11:27  Zergling x6  
  169  11:28  Drone  
  169  11:29  Drone  
  174  11:35  Baneling x5  
  174  11:37  Zergling x4  
  172  11:45  Zergling x12  
  144  11:48  Zergling x2  
  144  11:49  Zergling x22  
  144  11:52  Mutalisk x2  
  144  11:53  Mutalisk x2  
  134  11:58  Baneling x5  
  134  11:59  Zergling x4  
  135  12:07  Zergling x4  
  132  12:08  Zergling x6  
Show
View Real Time Build Order
Export as new Build Order

Bunny Terran - Winner!

Build Orders: Reaper Expand, Hellion Banshee 

Get SALT Encoding   

  12  0:00  SCV  
  13  0:12  SCV  
  14  0:18  Supply Depot  
  14  0:25  SCV  
  15  0:39  SCV  
  15  0:41  Barracks  
  16  0:44  Refinery  
  16  0:51  SCV  
  17  1:03  SCV  
  18  1:16  SCV  
  19  1:28  Orbital Command, Reaper  
  20  1:41  Command Center  
  20  1:53  SCV  
  21  1:54  Supply Depot  
  21  2:00  Marine  
  22  2:05  SCV  
  23  2:08  Factory  
  23  2:15  Refinery  
  23  2:18  SCV  
  23  2:22  Barracks Reactor  
  24  2:30  SCV  
  25  2:42  SCV  
  26  2:53  Orbital Command  
  26  2:54  SCV, Starport  
  26  3:06  SCV  
  26  3:09  Barracks Tech Lab, Hellion x2  
  31  3:18  SCV  
  32  3:20  SCV  
  32  3:30  SCV  
  32  3:31  Hellion x2  
  32  3:32  SCV  
  38  3:37  Supply Depot, Viking, Marine  
  41  3:42  SCV  
  41  3:44  SCV  
  43  3:52  Hellion  
  43  3:54  SCV  
  46  3:59  SCV, Hellion  
  46  4:01  Supply Depot  
  49  4:07  Banshee  
  49  4:09  SCV  
  53  4:11  SCV  
  54  4:25  SCV x2  
  54  4:27  Supply Depot  
  54  4:28  Barracks Tech Lab  
  54  4:30  Command Center  
  56  4:41  Barracks, SCV x2  
  56  4:44  Barracks  
  58  4:47  Factory Reactor, Stimpack  
  58  4:48  Marine  
  59  4:55  Supply Depot, SCV x2  
  59  4:58  Starport Reactor  
  61  5:07  SCV  
  61  5:08  SCV  
  61  5:09  Refinery  
  61  5:10  Refinery  
  61  5:12  Engineering Bay  
  61  5:13  Engineering Bay  
  63  5:20  SCV x2  
  63  5:27  Marine  
  61  5:32  SCV x2  
  61  5:34  Medivac  
  61  5:35  Medivac  
  67  5:37  Marine x2, Siege Tank  
  67  5:40  Marine  
  67  5:41  Marine  
  67  5:42  Supply Depot  
  74  5:44  SCV x2  
  74  5:46  Orbital Command  
  74  5:49  Terran Infantry Weapons Level 1  
  76  5:52  Terran Infantry Armor Level 1  
  76  5:55  Marine x2  
  76  5:56  Marine  
  79  6:00  Marine x2, SCV x2  
  83  6:05  Supply Depot  
  83  6:06  Medivac  
  85  6:13  Marine x2  
  85  6:15  Siege Tank  
  85  6:16  Orbital Command  
  85  6:18  SCV x2  
  92  6:23  Marine  
  92  6:24  Marine x2  
  95  6:32  SCV x2  
  97  6:33  Barracks  
  97  6:34  Barracks  
  97  6:36  Supply Depot, Medivac  
  99  6:40  Medivac  
  99  6:42  SCV  
  99  6:44  SCV  
  99  6:46  Marine x4  
  107  6:48  Marine  
  108  6:54  Supply Depot  
  108  6:55  Supply Depot  
  108  6:59  Armory  
  108  7:02  SCV  
  108  7:03  SCV x2  
  111  7:09  Marine x5  
  111  7:12  Combat Shield  
  111  7:14  SCV  
  117  7:16  Widow Mine  
  117  7:18  Supply Depot  
  117  7:20  SCV x2  
  121  7:27  Marine x2, SCV, Barracks Reactor  
  121  7:28  Barracks Reactor  
  112  7:31  Marine x2  
  112  7:32  Marine  
  112  7:35  SCV  
  112  7:36  SCV  
  116  7:39  SCV  
  116  7:40  Command Center  
  108  7:45  Marine x2  
  108  7:47  Medivac x2  
  108  7:50  Marine x3  
  117  7:54  Missile Turret  
  117  7:55  Factory  
  117  7:56  Refinery  
  117  7:59  Refinery  
  117  8:00  Missile Turret  
  117  8:02  Marine  
  117  8:04  Widow Mine  
  120  8:06  Terran Infantry Armor Level 2, Terran Infantry Weapons Level 2  
  120  8:09  Terran Vehicle And Ship Armor Level 1  
  120  8:12  Marine x3  
  123  8:15  Marine  
  123  8:17  Marine x3  
  123  8:18  Marine  
  128  8:22  Drilling Claws  
  128  8:23  Supply Depot  
  128  8:26  Widow Mine  
  130  8:27  SCV x2  
  130  8:28  Medivac x2  
  130  8:29  SCV  
  134  8:42  Marine, Marauder  
  134  8:43  Marine x5  
  134  8:44  Marine x2  
  134  8:48  Factory Reactor  
  137  8:49  Widow Mine  
  131  8:55  Barracks  
  131  8:56  Barracks  
  131  8:57  Barracks  
  131  8:58  Medivac x2  
  131  9:00  Marine  
  131  9:01  Marine x4  
  136  9:04  Missile Turret, Marauder  
  136  9:06  Supply Depot  
  136  9:09  Supply Depot  
  138  9:11  SCV x3  
  138  9:12  Sensor Tower  
  138  9:16  Marine x2  
  143  9:24  Thor  
  143  9:25  Marauder  
  151  9:35  Missile Turret  
  151  9:40  Planetary Fortress, Missile Turret  
  151  9:42  SCV x3  
  151  9:45  Marine x7  
  155  9:46  Marauder  
  155  9:48  Barracks Tech Lab  
  155  9:49  Barracks Reactor, Barracks Tech Lab  
  155  9:51  Widow Mine  
  165  9:53  Widow Mine  
  165  9:57  Medivac x2  
  171  10:08  Widow Mine  
  171  10:09  Concussive Shells  
  171  10:12  Widow Mine  
  171  10:13  Marauder x2  
  179  10:16  Widow Mine  
  179  10:21  Marine  
  155  10:28  Medivac x2  
  155  10:29  Widow Mine  
  155  10:32  Marine x7  
  155  10:34  Widow Mine, Marauder x2  
  174  10:37  Marine  
  174  10:38  Widow Mine, Marine  
  173  10:47  Marauder  
  175  10:50  Marine  
  175  10:51  Widow Mine, Marine x2  
  180  10:59  Marine x2  
  180  11:00  Marine x2  
  180  11:02  Marauder  
  180  11:03  Supply Depot  
  180  11:04  Marauder  
  177  11:05  Supply Depot, Marine  
  177  11:08  Marine  
  177  11:09  Marine x2, Marauder  
  175  11:13  Marine x2  
  175  11:17  Marine x2  
  175  11:18  Marine  
  180  11:25  Widow Mine, Sensor Tower  
  182  11:26  Marine, Marauder  
  182  11:27  Marauder  
  187  11:34  Marine  
  187  11:37  Widow Mine x2  
  190  11:44  Marine x9, Marauder  
  175  11:47  Medivac  
  175  11:48  Marine, Marauder  
  175  11:51  Widow Mine  
  175  11:52  Marine  
  170  12:03  Marine x2  
  170  12:07  Command Center  

Tags
 
Add a new tag
Caveats
  • Supply blocks, unpowered buildings, or Contaminate may cause inaccurate times.
  • Supply counts are checked every 10 seconds.